 Dungeon Crawl Stone Soup version 0.29-a0-334-gb41bcbb86e (webtiles) character file.

Game seed: 12491339448527624237

90 BritishOli the Skirmisher (level 4, -6/36 HPs)
             Began as a Demonspawn Monk on Apr 14, 2022.
             Mangled by an ogre
             ... wielding a +0 giant club
              (23 damage)
             ... on level 3 of the Dungeon.
             The game lasted 00:02:48 (2855 turns).

BritishOli the Skirmisher (Demonspawn Monk)         Turns: 2855, Time: 00:02:49

Health: -6/36      AC:  5    Str: 13    XL:     4   Next: 32%
Magic:  4/4        EV: 13    Int: 12    God:
Gold:   105        SH:  0    Dex: 15    Spells: 3/3 levels left

rFire   . . .      SeeInvis .   a - +0 falchion
rCold   . . .      Faith    .   (no shield)
rNeg    . . .      Spirit   .   b - +0 robe
rPois   .          Reflect  .   f - +1 hat
rElec   .          Harm     .   (no cloak)
rCorr   .          Rampage  .   (no gloves)
Will    .....                   (no boots)
Stlth   ++........              (no amulet)
HPRegen 0.12/turn               (no ring)
MPRegen 0.09/turn               (no ring)

@: no status effects
A: antennae 1, slimy green scales 1
a: no special abilities


You were on level 3 of the Dungeon.
You visited 1 branch of the dungeon, and saw 3 of its levels.

You collected 105 gold pieces.

Inventory:

Hand Weapons
 a - a +0 falchion (weapon)
Armour
 b - a +0 robe (worn)
 f - a +1 hat (worn)
Scrolls
 d - 3 scrolls of identify {unknown}
 e - a scroll of enchant armour {unknown}
 g - a scroll of amnesia {unknown}
 h - 2 scrolls of blinking {unknown}
Potions
 c - a potion of ambrosia
 i - a potion of attraction {unknown}
 j - a potion of brilliance {unknown}


   Skills:
 + Level 3.6 Fighting
 + Level 3.2 Long Blades
 + Level 1.4 Armour
 + Level 3.3 Dodging
 - Level 2.0 Stealth


You had 3 spell levels left.
You didn't know any spells.
Your spell library was empty.

Dungeon Overview and Level Annotations

Branches:
Dungeon (3/15)

Altars:


Innate Abilities, Weirdness & Mutations

You have a pair of small antennae on your head.
You are partially covered in slimy green scales. (AC +2)


Message History

The adder is almost dead.
You feel sick. The adder closely misses you.
An adder is nearby!
You hit the adder.
You kill the adder!
You feel sick.
You feel sick.
You feel sick.
You feel sick.
You feel sick.
You are no longer poisoned.
j - a murky white potion Key pressed, stopping explore.
No target in view!
No target in view!
Found a stone staircase leading down.
An ogre comes into view. It is wielding a +0 giant club.
An ogre is nearby!
An ogre is nearby!
An ogre is nearby!
An iguana comes into view.
The ogre shouts!
You hear a shout!
There are monsters nearby!
A goblin comes into view. It is wielding a +0 dagger.
The ogre hits you with a +0 giant club!!
Ouch! That really hurt!
You are too injured to fight recklessly!
You are too injured to fight recklessly!
You are too injured to fight recklessly!
The iguana hisses angrily.
You hit the ogre.
The ogre is lightly wounded.
You barely miss the ogre.
The ogre is lightly wounded.
The ogre barely misses you.
You hit the ogre.
The ogre is moderately wounded.
The ogre hits you with a +0 giant club!!
Ouch! That really hurt!
You die...

.# # ## ... ####...
##...l... ######.$#.....
#+#.........g...
#..##........... #
#...#...@O...# ..# #.
#..........#
#.####.#####..####......
#..................#####
...#####.#####..#...
.#..# #.# #......
....####.# ##....#
.........## ....#
......#...### ..


You could see an ogre, an iguana and a goblin.

Vanquished Creatures
  A gnoll (D:1)
  2 adders (D:3)
  2 worms (D:2)
  9 ball pythons
  4 endoplasms
  3 goblins
  3 hobgoblins
  11 jackals
  3 quokkas
  2 bats (D:1)
  2 frilled lizards
  7 kobolds
  4 rats
53 creatures vanquished.

Notes
Turn   | Place    | Note
-------+----------+-------------------------------------------
     0 | D:1      | BritishOli the Demonspawn Monk began the quest for the Orb.
     0 | D:1      | Reached XP level 1. HP: 18/18 MP: 1/1
   474 | D:1      | Gained mutation: You are partially covered in slimy green
                  | scales. (AC +2) [demonic ancestry]
   474 | D:1      | Reached XP level 2. HP: 12/24 MP: 2/2
   792 | D:1      | Reached XP level 3. HP: 29/29 MP: 3/3
  1347 | D:1      | Reached skill level 1 in Armour
  2324 | D:2      | Gained mutation: You have a pair of small antennae on your
                  | head. [demonic ancestry]
  2324 | D:2      | Reached XP level 4. HP: 30/35 MP: 4/4
  2847 | D:3      | Noticed an ogre
  2855 | D:3      | Mangled by an ogre

Illustrated notes

Levels and vault maps discovered:
D:1:      mrwooster_arrival_statue, layout_loops_ring, st_stairs_10
D:2:      layout_loops_ring
D:3:      layout_rooms, chequers_temple_overflow_minitemple, uniq_sigmund,
          uniq_terence

Skill      XL: |  1  2  3 |
---------------+----------+-----
Stealth        | 2 |  2.0
Dodging        | 3 |  3.3
Long Blades    | 3 |  3.2
Armour         | 1 |  1.4
Fighting       | |  3.6

Action                   |  1- 3 |  4- 6 || total
-------------------------+-------+-------++-------
Melee: Falchion          |   149 |    29 ||   178
 Stab: Sleeping          |     5 |     2 ||     7
Armor: Robe              |    34 |     6 ||    40
Dodge: Dodged            |   116 |    20 ||   136

Table legend: (Time is in decaauts)
 A = Elapsed time spent in this place.
 B = Non-inter-level travel time spent in this place.
 C = Inter-level travel time spent in this place.
 D = Time resting spent in this place.
 E = Time spent auto-exploring this place.
 F = Levels seen in this place.
 G = Mean time per level.
                   A        B        C        D        E       F      G
               +--------+--------+--------+--------+--------+-----+--------+
         Total |   2881 |   2817 |     64 |    489 |   1922 |   3 |  960.3 |
       Dungeon |   2881 |   2817 |     64 |    489 |   1922 |   3 |  960.3 |
               +--------+--------+--------+--------+--------+-----+--------+

Top non-repeatable levels by time:
     D:1: 1437 daAuts
     D:2: 1140 daAuts
     D:3: 302 daAuts
